 Dungeon Crawl Stone Soup version 0.19.3-1-g3169bf9 (webtiles) character file.

152 Macro the Cutter (level 5, -7/36 HPs)
             Began as a Halfling Fighter on Jan 22, 2017.
             Killed by nerve-wracking pain
             ... invoked by Grinder
              (10 damage)
             ... on level 3 of the Dungeon on Jan 23, 2017.
             The game lasted 00:10:26 (1843 turns).

Macro the Cutter (Halfling Fighter)                 Turns: 1843, Time: 00:10:28

Health: -7/36      AC: 15    Str: 16 (18) XL:     5   Next: 60%
Magic:  5/5        EV:  4    Int:  5 (6)  God:
Gold:   114        SH:  9    Dex: 12 (14) Spells: 0 memorised, 4 levels left

rFire  . . .     SeeInvis +     a - +0 rapier
rCold  . . .     Gourm    .     e - +0 plate armour
rNeg   . . .     Faith    .     c - +0 shield
rPois  .         Spirit   .     x - +0 helmet
rElec  .         Reflect  .     A - +0 cloak
rCorr  .         Harm     .     (no gloves)
MR     .....                    u - +0 pair of boots
Stlth  ..........               (no amulet)
                                (no ring)
                                b - ring of see invisible

@: lethally poisoned (-7 -> -16), about to teleport
A: mutation resistance 1
a: no special abilities


You were on level 3 of the Dungeon.
You were hungry.

You visited 1 branch of the dungeon, and saw 3 of its levels.

You collected 114 gold pieces.

Inventory:

Hand Weapons
 a - a +0 rapier (weapon)
 y - a +2 quarterstaff of chaos
Armour
 c - a +0 shield (worn)
 e - a +0 plate armour (worn)
 u - a +0 pair of boots (worn)
 x - a +0 helmet (worn)
 A - a +0 cloak (worn)
Jewellery
 b - a ring of see invisible (left hand)
Scrolls
 g - 2 scrolls of teleportation
 h - a scroll of enchant weapon {unknown}
 i - a scroll of random uselessness {unknown}
 j - a scroll of remove curse {unknown}
 l - 7 scrolls of identify {unknown}
 m - a scroll of fear {unknown}
 o - a scroll of amnesia {unknown}
 s - a scroll of magic mapping {unknown}
 t - a scroll of immolation {unknown}
Potions
 d - 2 potions of might
 q - a potion of lignification
Comestibles
 f - 4 bread rations
 p - a slice of pizza
 r - a beef jerky
 z - a meat ration


   Skills:
 + Level 3.0 Fighting
 * Level 4.9 Short Blades
 + Level 3.5 Armour
 + Level 1.0 Stealth
 + Level 4.3 Shields


You had 4 spell levels left.
You didn't know any spells.

Dungeon Overview and Level Annotations

Branches:
Dungeon (3/15)

Altars:
Kikubaaqudgha
Xom

Annotations:
D:3 Grinder; Lahna's ghost, amateur DEVM


Innate Abilities, Weirdness & Mutations

You are small and have problems with some larger weapons.
You are somewhat resistant to further mutation.


Message History

Your +0 pair of boots unmelds from your body.
Your +0 plate armour unmelds from your body.
You feel yourself slow down.
* * * LOW HITPOINT WARNING * * *
You feel sick.
Lahna's ghost hits you but does no damage.
As you read the scroll labeled BUOM OFFYI, it crumbles to dust.
You feel strangely unstable.
It was a scroll of teleportation.
* * * LOW HITPOINT WARNING * * *
You feel sick. Grinder says, "Are you a fish?"
You block Lahna's ghost's attack.
You hit Lahna's ghost.
Lahna's ghost is severely damaged.
You are feeling hungry.
* * * LOW HITPOINT WARNING * * *
You feel sick. Grinder gestures at you. Pain shoots through your body!
You die...

########################
......W@5......)........
####.###################
########### ..........#
#####_##### #.# ###
#####.# #.#


You could see Grinder and Lahna's ghost.

Vanquished Creatures
  Crazy Yiuf (D:3)
  An orc priest (D:3)
  Jessica (D:3)
  An ooze (D:2)
  A worm (D:3)
  4 dart slugs
  3 orcs (D:3)
  A ball python (D:1)
  5 giant cockroaches
  8 goblins
  8 hobgoblins
  3 jackals (D:2)
  2 bats
  6 frilled lizards
  5 kobolds
  A rat (D:2)
51 creatures vanquished.

Notes
Turn   | Place    | Note
-------+----------+-------------------------------------------
     0 | D:1      | Macro the Halfling Fighter began the quest for the Orb.
     0 | D:1      | Reached XP level 1. HP: 15/15 MP: 1/1
   228 | D:1      | Reached XP level 2. HP: 20/20 MP: 2/2
   376 | D:1      | Reached XP level 3. HP: 20/26 MP: 3/3
   859 | D:2      | Found an ancient bone altar of Kikubaaqudgha.
  1115 | D:2      | Reached XP level 4. HP: 31/31 MP: 4/4
  1348 | D:3      | Upgraded the game from 0.19.3 to 0.19.3-1-g3169bf9
  1356 | D:3      | Found a shimmering altar of Xom.
  1366 | D:3      | Noticed Jessica
  1373 | D:3      | Killed Jessica
  1658 | D:3      | Found a runed door.
  1662 | D:3      | Noticed Crazy Yiuf
  1669 | D:3      | Killed Crazy Yiuf
  1669 | D:3      | Reached XP level 5. HP: 36/36 MP: 5/5
  1725 | D:3      | Reached skill level 1 in Stealth
  1806 | D:3      | Noticed Lahna's ghost (amateur DEVM)
  1808 | D:3      | Noticed Grinder
  1843 | D:3      | Killed from afar by Grinder

Skill      XL: |  1  2  3  4  5 |
---------------+----------------+-----
Fighting       | 3 |  3.0
Short Blades   | 3 4 |  4.9
Shields        | 4 |  4.3
Stealth        | 1 |  1.0
Armour         | |  3.5

Action                   |  1- 3 |  4- 6 || total
-------------------------+-------+-------++-------
Melee: Rapier            |   157 |   104 ||   261
  Use: Potion            |     1 |     5 ||     6
       Scroll            |       |     1 ||     1
  Eat: Chunk             |     1 |     2 ||     3
Armor: Plate armour      |    82 |    46 ||   128
       Skin              |       |     8 ||     8
Dodge: Dodged            |    24 |    10 ||    34
Block: Shield            |    82 |    38 ||   120
